AoeStats
← Boooonne Sawwww

Arabia

509555904Analyzed
1v1 RM · 6d ago on Sep 27, 2026· 54m 11s· 2 players
Game mode
Random Map
Map size
Tiny (2 player)
Population
200
Speed
Normal
Resources
Standard
Victory
Conquest
Starting age
Dark Age
Ending age
Imperial Age
RankedLock teamsTeams togetherTeam positionsShared explorationLock speedFull tech treeHidden civsTurbo modeCheats
Victory
Defeat
🇮🇩 Shu · Indonesia
1184
+15
🇺🇸 Magyars · United States
1159
-15
Boooonne Sawwww
6:38 Loom
9:57 Feudal Age
14:54 Double-Bit Axe
20:00 Scale Barding Armor
24:01 Castle Age
22:33 Stone Mining
22:35 Gold Mining
23:32 Bloodlines
38:14 Imperial Age
36:24 Elite Skirmisher
38:24 Fletching
40:34 Bodkin Arrow
40:39 Padded Archer Armor
48:59 Conscription
Franko87
7:10 Loom
9:38 Feudal Age
9:43 Man-at-Arms
13:18 Fletching
13:30 Double-Bit Axe
22:37 Castle Age
21:37 Padded Archer Armor
22:52 Wheelbarrow
22:41 Gold Mining
23:29 Bodkin Arrow
23:10 Crossbowman
24:37 Pikeman
27:15 Thumb Ring
34:29 Scale Mail Armor
38:28 Squires
42:15 Imperial Age
41:29 Arson
43:32 Gold Shaft Mining
43:05 Husbandry
43:07 Bracer
42:48 Arbalester
44:07 Ballistics
44:19 Scale Barding Armor
44:29 Bolt Magazine
44:16 Light Cavalry
47:48 Forging
48:03 Conscription
47:54 Horse Collar
48:07 Heavy Hei Guang Cavalry
50:54 Chemistry
51:04 Heavy Plow
Connection lost

Rejoining the realm…

Still unreachable

The connection could not be restored.

Session expired

The server has moved on; the page needs a fresh start.